 Dungeon Crawl Stone Soup version 0.27-a0-1442-g87b6fcb595 (webtiles) character file.

Game seed: 13903134377231542753

255124 tilp the Warrior (level 19, -5/150 (164) HPs)
             Began as a Barachi Summoner on July 4, 2021.
             Was the Champion of Okawaru.
             Killed by a resonance strike
             ... invoked by a ragged hierophant
              (11 damage)
             ... in the Desolation of Salt on July 5, 2021.
             The game lasted 01:51:10 (54086 turns).

tilp the Warrior (Barachi Summoner)                Turns: 54086, Time: 01:51:11

HP:   -5/150 (164)  AC: 22    Str: 19    XL:     19   Next: 77%
MP:   14/31         EV: 35    Int: 25    God:    Okawaru [******]
Gold: 116           SH:  7    Dex: 13    Spells: 4/35 levels left

rFire    + + +     SeeInvis +   a - +10 morningstar "Eos" {elec, Halo rElec}
rCold    + + .     Faith    .   d - +1 buckler {reflect}
rNeg     . . .     Spirit   .   j - +1 troll leather armour {Snorg}
rPois    +         Reflect  +   i - +0 mask of the Dragon {Will+ Slay+3 SInv}
rElec    +         Harm     .   O - +2 cloak {Will+}
rCorr    .         Rampage  .   V - +2 pair of gloves of Indomitability {Int+8}
Will     +++..                  s - +2 pair of boots
Stlth    ++........             X - amulet of the acrobat
HPRegen  1.35/turn              P - ring of Wuewn {*Slow +Blink rPois rC+ SInv}
MPRegen  0.22/turn              I - ring "Gaxzoace" {*Corrode rF+++ rC+ AC+4 Str+3}

@: lethally poisoned (-5 -> -6), heroic, forested, acrobatic, glowing, drained,
slow
A: amphibious, slowness 1, strong legs 2, +LOS
}: 2/15 runes: decaying, serpentine
a: Hop, Renounce Religion, Evoke Blink, Heroism, Finesse


You were in the Desolation of Salt.
You worshipped Okawaru.
Okawaru was exalted by your worship.
You visited 7 branches of the dungeon, and saw 34 of its levels.
You visited 1 bazaar.
You also visited: Volcano and Desolation.

You collected 3739 gold pieces.
You spent 3623 gold pieces at shops.

Inventory:

Hand Weapons
 a - the +10 morningstar "Eos" (weapon) {elec, Halo rElec}
   (Okawaru gifted it to you on level 6 of the Lair of Beasts)

   Occasionally, upon striking a foe, it can discharge electrical energy and
   cause terrible harm.
   rElec:     It insulates you from electricity.
 b - a +9 demon whip of freezing
 N - a +1 eveningstar of freezing
Missiles
 c - 2 throwing nets {!f}
 t - 124 poisoned darts (quivered)
 H - 12 curare-tipped darts
Armour
 d - a +1 buckler of reflection (worn)
 i - the +0 mask of the Dragon (worn) {Will+ Slay+3 SInv}
   (You bought it in a shop in a bazaar)

   Slay:      It affects your accuracy & damage with ranged weapons and melee
   (+3).
   SInv:      It lets you see invisible.
   Will:      It increases your willpower.
 j - a +1 troll leather armour (worn) {Snorg}
 s - a +2 pair of boots (worn)
 G - a +2 helmet
 O - a +2 cloak of willpower (worn)
 V - the +2 pair of gloves of Indomitability (worn) {Int+8}
   (You found it in a volcano)

   Int:       It affects your intelligence (+8).
Jewellery
 I - the ring "Gaxzoace" (right hand) {*Corrode rF+++ rC+ AC+4 Str+3}
   (You found it on level 4 of the Snake Pit)

   [ring of protection]

   AC:        It affects your AC (+4).
   Str:       It affects your strength (+3).
   rF:        It renders you almost immune to fire.
   rC:        It protects you from cold.
   *Corrode:  It may corrode you when you take damage.
 P - the ring of Wuewn (left hand) {*Slow +Blink rPois rC+ SInv}
   (You found it on level 2 of the Lair of Beasts)

   [ring of protection from cold]

   rC:        It protects you from cold.
   rPois:     It protects you from poison.
   SInv:      It lets you see invisible.
   +Blink:    It lets you blink.
   *Slow:     It may slow you when you take damage.
 X - an amulet of the acrobat (around neck)
Wands
 h - a wand of acid (10)
 q - a wand of paralysis (11)
 C - a wand of digging (1)
 E - a wand of flame (47)
 L - a wand of charming (7)
 M - a wand of polymorph (2)
 Y - a wand of iceblast (13)
 Z - a wand of mindburst (15)
Scrolls
 x - 7 scrolls of blinking
 z - a scroll of summoning
 B - 4 scrolls of fog
 Q - a scroll of silence
 R - 2 scrolls of teleportation
 S - 3 scrolls of vulnerability
 U - 2 scrolls of fear
Potions
 e - 4 potions of flight
 k - a potion of ambrosia
 l - 2 potions of haste
 m - 5 potions of lignification
 n - a potion of berserk rage
 o - a potion of magic
 p - 3 potions of cancellation
 r - 2 potions of attraction
 v - 2 potions of heal wounds
 w - 14 potions of curing
 A - 2 potions of mutation
 F - 6 potions of might
 J - 3 potions of resistance
Miscellaneous
 f - a lightning rod (4/4)
 g - a phantom mirror
 T - a condenser vane


   Skills:
 + Level 18.3(23.3) Fighting
 - Level 16.0(21.0) Maces & Flails
 + Level 9.1(14.1) Armour
 + Level 12.5(17.5) Dodging
 + Level 8.9(13.9) Stealth
 - Level 4.0(9.0) Shields
 + Level 8.8 Spellcasting
 - Level 4.0 Hexes
 - Level 18.0 Summonings
 - Level 4.0 Translocations
 - Level 4.0 Ice Magic
 - Level 4.0 Air Magic
 + Level 12.4 Invocations
 + Level 8.9 Evocations


You had 4 spell levels left.
You knew the following spells:

 Your Spells              Type           Power      Damage    Failure   Level
e - Summon Ice Beast      Ice/Summ       60%        N/A       1%          4
f - Summon Lightning Spi  Summ/Air       60%        N/A       1%          4
g - Summon Forest         Summ/Tloc      30%        N/A       1%          5
h - Shadow Creatures      Summ           N/A        N/A       1%          6
i - Summon Mana Viper     Hex/Summ       60%        N/A       1%          5
j - Summon Hydra          Summ           39%        N/A       3%          7

Your spell library contained the following spells:

 Spells                   Type           Power      Damage    Failure   Level
 Summon Small Mammal      Summ           100%       N/A       0%          1
 Call Imp                 Summ           79%        N/A       0%          2
 Call Canine Familiar     Summ           79%        N/A       0%          3
 Corona                   Hex            34%        N/A       1%          1
 Ensorcelled Hibernation  Hex/Ice        62%        N/A       1%          2
 Slow                     Hex            31%        N/A       1%          2
 Summon Guardian Golem    Hex/Summ       60%        N/A       1%          3
 Animate Armour           Summ/Erth      100%       N/A       1%          4
 Confusing Touch          Hex            31%        N/A       3%          3
 Frozen Ramparts          Ice            62%        1d8       3%          3
 Gell's Gravitas          Tloc           15%        N/A       3%          3
 Portal Projectile        Hex/Tloc       62%        N/A       3%          3
 Teleport Other           Tloc           31%        N/A       3%          3
 Tukima's Dance           Hex            31%        N/A       3%          3
 Animate Skeleton         Necr           22%        N/A       6%          1
 Magic Dart               Conj           44%        1d5       6%          1
 Pain                     Necr           44%        1d6       6%          1
 Searing Ray              Conj           22%        3d3       10%         2
 Sublimation of Blood     Necr           5%         N/A       10%         2
 Mephitic Cloud           Conj/Pois/Air  17%        N/A       11%         3
 Airstrike                Air            15%        N/A       12%         4
 Cause Fear               Hex            15%        N/A       12%         4
 Conjure Flame            Conj/Fire      11%        6-21      19%         3
 Ignite Poison            Fire/Tmut/Pois 11%        N/A       19%         3
 Vampiric Draining        Necr           5%         2d6       19%         3
 Fulminant Prism          Conj/Hex       10%        3d9       26%         4
 Hailstorm                Conj/Ice       21%        3d6       26%         4
 Ice Form                 Ice/Tmut       21%        N/A       26%         4
 Leda's Liquefaction      Hex/Erth       10%        N/A       26%         4
 Animate Dead             Necr           5%         N/A       52%         4
 Petrify                  Tmut/Erth      11%        N/A       52%         4
 Sticky Flame             Conj/Fire      11%        2d3       52%         4
 Lightning Bolt           Conj/Air       10%        1d23      58%         5
 Spellforged Servitor     Conj/Summ      27%        N/A       78%         7
 Agony                    Necr           11%        N/A       86%         5
 Blade Hands              Tmut           5%         N/A       86%         5
 Bolt of Magma            Conj/Fire/Erth 5%         4d5       86%         5
 Borgnjor's Vile Clutch   Necr/Erth      5%         N/A       86%         5
 Excruciating Wounds      Necr           5%         N/A       86%         5
 Fireball                 Conj/Fire      5%         3d5       86%         5
 Irradiate                Conj/Tmut      5%         3d15      86%         5
 Iskenderun's Battlesphe  Conj           11%        2d7       86%         5
 Dispersal                Tloc           15%        N/A       88%         6
 Dragon's Call            Summ           39%        N/A       98%         9
 Conjure Ball Lightning   Conj/Air       10%        3x3d6     99%         6
 Simulacrum               Ice/Necr       10%        N/A       99%         6
 Death Channel            Necr           5%         N/A       100%        6
 Eringya's Noxious Bog    Tmut/Pois      5%         N/A       100%        6
 Iron Shot                Conj/Erth      5%         9d2       100%        6
 Dragon Form              Tmut           5%         N/A       100%        7
 Orb of Destruction       Conj           5%         9d2       100%        7
 Storm Form               Tmut/Air       10%        N/A       100%        7
 Maxwell's Capacitive Co  Air            15%        ∞         100%        8


Dungeon Overview and Level Annotations

Branches:
Dungeon (15/15)            Temple (1/1) D:7            Lair (6/6) D:11
  Swamp (4/4) Lair:2        Snake (4/4) Lair:4        Slime (0/5) Lair:6
    Orc (2/2) D:12            Elf (0/3) Orc:2        Vaults (2/5) D:14
 Depths (0/5) D:15        Volcano (visited)         Desolation (1/1)
  Crypt: Vaults:2-3

Altars:
Ashenzari
Cheibriados
Dithmenos
Elyvilon
Fedhas
Gozag
Hepliaklqana
Kikubaaqudgha
Makhleb
Nemelex Xobeh
Okawaru
Qazlal
Ru
Sif Muna
Trog
Uskayaw
Vehumet
Wu Jian
Xom
Yredelemnul
Zin
The Shining One
Beogh

Shops:
D:3 *   D:4 :   D:6 =   D:15 (   Orc:2 *[(   Snake:1 [   Snake:2 =*   Snake:3 [

Annotations:
D:10 2 transporters (acid clouds + dragons)


Innate Abilities, Weirdness & Mutations

You are amphibious.
You cover ground slowly.
You can hop long distances.
You have an extended range of vision and can be seen from far away.


Message History

The ironbound convoker barely misses you.
You hit the ironbound convoker.
Lightning courses through the ironbound convoker!!
You kill the ironbound convoker!
Okawaru accepts your kill.
You hear a splash. x2
You feel sick. The saltling hits you!
Your dryad calls out to the forest.
Vines fly forth from the trees!
The guardian serpent hits your saltling.
The halazid warlock casts a spell.
Send 'em back where they came from!
Your dryad disappears in a puff of smoke!
The vine falls limply to the ground.
Your saltling dissolves into shadows! x2
The guardian serpent coils itself and waves its upper body at you.
The bolt of poison hits you. You resist.
The bolt of poison hits your guardian serpent.
You feel sick.
The guardian serpent coils itself and waves its upper body at you.
The halazid warlock blinks!
The saltling blinks!
The ragged hierophant blinks!
The saltling hits you!!
* * * LOW HITPOINT WARNING * * *
Your guardian serpent casts a spell at the guardian serpent.
The guardian serpent seems to slow down.
The halazid warlock points at the guardian serpent and mumbles some strange words.
The guardian serpent's animating energy erupts into ghostly fire!
The ghostly flame explodes!
The ghostly fireball engulfs the guardian serpent!!!
The guardian serpent is drained!
The guardian serpent dies!
The ghostly fireball engulfs your guardian serpent!!!!
Your guardian serpent is drained!
Your guardian serpent dies!
Your guardian serpent's corpse dissolves into shadows!
The ghostly fireball engulfs you!!!
You feel drained.
* * * LOW HITPOINT WARNING * * *
The ragged hierophant casts a spell at you.
A blast of power from the earth and the saltling strikes you!
You die...

...♣ .......... ...
........... ###
§....§............ ######
§§..§§............. ######
§§§♣§§§§............. ######
§§§§§.§§............. #######
§§§§≈§§§.8...........
#######.§§S§§§a§..............
#######§§.§§§@8§♣..........#..
#######§§§§≈§aL§§.............
#######...♣§≈.§§..............
#######.§..§§§≈......#........
#######.......................
##############################
##############################
##############################
##############################


You could see a ragged hierophant (strong), a halazid warlock, a saltling
(strong, ally target) and a friendly ragged hierophant (summoned).

Vanquished Creatures
  A tengu reaver (Vaults:1)
  3 nagarajas (Snake:4)
  Donald (Vaults:1)
  2 fenstrider witches
  A frost giant (D:15)
  2 vault wardens
  2 ironbound preservers (Vaults:1)
  A ghoul (Swamp:2)
  A dire elephant (Vaults:1)
  11 bunyips
  An ettin (Vaults:1)
  4 eleionomae
  2 ragged hierophants (Desolation)
  2 shambling mangroves
  4 servants of whispers (Desolation)
  3 boulder beetles
  4 yaktaur captains (Vaults:1)
  2 peacekeepers (Desolation)
  2 vault guards (Vaults:2)
  2 ironbound thunderhulks (Vaults:1)
  13 naga warriors
  20 hydras
  6 salamander tyrants (Snake:4)
  An ironbound frostheart (Vaults:1)
  3 ogre magi
  12 anacondas
  A catoblepas (Lair:2)
  9 centaur warriors
  8 two-headed ogres
  3 alligators
  4 death yaks
  5 tengu warriors
  6 orc high priests (Orc:2)
  7 naga sharpshooters
  6 shock serpents
  Urug (D:10)
  An ironbound beastmaster (Vaults:1)
  Sonja (D:12)
  An iron troll (D:14)
  4 salamander mystics
  10 goliath frogs
  7 swamp dragons
  13 deep trolls (Vaults:1)
  4 naga ritualists
  5 bog bodies
  3 spriggan druids
  An orc knight (D:15)
  6 ironbound convokers
  3 wizards
  A harpy (Vaults:1)
  A necromancer (D:14)
  8 mana vipers
  7 ugly things
  23 salamanders
  A deep elf pyromancer (D:14)
  An oklob plant (Lair:1)
  2 wolf spiders
  5 cyclopes
  13 elephants (Lair:4)
  34 black mambas
  6 vault sentinels (Vaults:1)
  7 guardian serpents
  9 naga magi
  2 torpor snails (Lair:5)
  8 komodo dragons
  13 cane toads
  A tengu conjurer (D:13)
  8 yaktaurs (Vaults:1)
  2 rime drakes (Lair:6)
  An efreet (D:15)
  7 trolls
  6 hornets
  3 polar bears
  2 jumping spiders (Lair:2)
  4 nameless horrors
  11 tyrant leeches
  3 meliai (D:13)
  7 saltlings (Desolation)
  2 slime creatures (Vaults:1)
  24 blink frogs
  A centaur simulacrum (D:15)
  5 spriggans
  2 shadows
  5 water elementals (D:14)
  15 yaks
  3 humans (D:6)
  2 redbacks (Lair:6)
  A tarantella (Lair:2)
  3 fire bats (Lair:6)
  A golden eye (shapeshifter) (D:12)
  15 wyverns
  18 vampire mosquitoes
  4 basilisks
  2 steam dragons
  6 wargs
  10 swamp worms
  19 nagas
  12 water moccasins
  An acid dragon (D:14)
  2 sky beasts
  7 orc warriors
  Duvessa (D:7)
  2 black bears
  12 swamp drakes
  12 ogres
  A necrophage (D:5)
  An ice beast (D:7)
  6 centaurs
  16 wolves
  4 boggarts (Vaults:1)
  A phantom (D:6)
  2 kobold brigands
  13 bullfrogs
  A scorpion (D:5)
  Dowan (D:7)
  A gnoll sergeant (D:10)
  A wyvern skeleton (D:7)
  A water moccasin skeleton (D:5)
  3 killer bees
  A troll skeleton (D:9)
  17 electric eels
  5 wights (D:7)
  4 spriggan skeletons (D:9)
  A lava snake (Lair:2)
  A centaur zombie (D:5)
  26 orc priests
  A gnoll shaman (D:5)
  2 hounds
  6 jellies (Lair:6)
  4 iguanas
  Natasha (twice) (D:3)
  13 orc wizards
  A hound zombie (D:5)
  A hound skeleton (D:4)
  A howler monkey zombie (D:7)
  11 gnolls
  3 adders
  A shadow imp (D:5)
  A worm (D:2)
  2 dart slugs
  78 orcs
  2 bats
  5 endoplasms
  7 giant cockroaches
  5 goblins
  7 hobgoblins
  13 jackals
  12 kobolds
  4 quokkas
  2 ball pythons
  3 frilled lizards
  7 rats
  A bush (Lair:2)
900 creatures vanquished.

Vanquished Creatures (collateral kills)
  Vashnia (Snake:3)
  Jorgrun (D:14)
  A thorn hunter (Swamp:2)
  An imperial myrmidon (Desolation)
  4 ironbound preservers
  2 ghouls (Swamp:2)
  A stone giant (Vaults:1)
  A dire elephant (Vaults:1)
  A halazid warlock (Desolation)
  A bunyip (Swamp:4)
  An eleionoma (Swamp:1)
  A shambling mangrove (Swamp:3)
  A fire dragon (Lair:6)
  A yaktaur captain (Vaults:1)
  A salamander tyrant (Snake:4)
  2 vault guards (Vaults:1)
  2 servants of whispers (Desolation)
  2 boulder beetles
  2 naga warriors (Snake:4)
  8 centaur warriors
  2 peacekeepers (Desolation)
  5 hydras
  A death knight (D:12)
  A ghost crab (Swamp:4)
  An ironbound frostheart (Vaults:1)
  5 two-headed ogres
  3 death yaks
  A hell knight (Volcano)
  5 naga sharpshooters
  Nergalle (D:10)
  2 salamander mystics (Snake:4)
  A swamp dragon (Swamp:4)
  2 spriggan druids
  A bog body (Swamp:2)
  2 deep trolls (Vaults:1)
  A necromancer (Vaults:1)
  A wizard (Vaults:1)
  7 ugly things
  An orb spider (shapeshifter) (D:15)
  A cyclops (D:11)
  A will-o-the-wisp (Swamp:1)
  8 black mambas
  4 salamanders
  2 elephants (Lair:4)
  A torpor snail (Lair:3)
  A vault sentinel (Vaults:1)
  6 cane toads
  2 naga magi
  Maggie (D:6)
  2 unseen horrors
  A human zombie (Vaults:1)
  A rime drake (Lair:5)
  2 human skeletons (Vaults:1)
  A yaktaur (Vaults:1)
  4 hornets
  A tyrant leech (Swamp:3)
  10 blink frogs
  14 saltlings (Desolation)
  2 slime creatures (Vaults:1)
  2 redbacks (Lair:6)
  An elf zombie (Vaults:1)
  2 spriggans
  A human (D:6)
  14 yaks
  A water elemental (D:14)
  6 vampire mosquitoes
  2 steam dragons
  8 basilisks
  Menkaure (D:6)
  7 nagas
  3 acid dragons
  5 water moccasins
  3 swamp worms
  An ice beast (D:6)
  6 swamp drakes
  3 orc warriors
  4 ogres
  2 wolves
  A phantom (D:4)
  2 nameless horrors
  A gnoll sergeant (D:6)
  2 killer bees (D:11)
  A spriggan skeleton (D:9)
  2 electric eels
  A howler monkey (D:8)
  9 jellies
  11 orc priests
  5 iguanas
  Natasha (D:3)
  A howler monkey zombie (D:6)
  6 gnolls
  2 adders
  12 orcs
  2 endoplasms
  A goblin (D:1)
  A jackal (D:3)
  2 ball pythons
  4 kobolds
  4 briar patches (Swamp:2)
286 creatures vanquished.

Vanquished Creatures (others)
  Snorg (D:10)
  A hydra (Lair:3)
  2 harpies (Vaults:1)
  2 guardian serpents (Desolation)
  2 bloated husks
  2 humans (D:6)
  A bullfrog (Lair:3)
  A lava snake (Lair:2)
  2 orcs
  9 briar patches (Swamp:2)
  8 foxfires
  67 fungi
  A pillar of salt (Desolation)
  161 plants
  14 snaplasher vines
  A withered plant (Desolation)
275 creatures vanquished.

Grand Total: 1461 creatures vanquished

Notes
Turn   | Place    | Note
-------+----------+-------------------------------------------
     0 | D:1      | tilp the Barachi Summoner began the quest for the Orb.
     0 | D:1      | Reached XP level 1. HP: 13/13 MP: 3/3
    95 | D:1      | Reached skill level 1 in Fighting
   143 | D:1      | Found a faded altar of an unknown god.
   221 | D:1      | Reached XP level 2. HP: 21/22 MP: 5/5
   242 | D:1      | Learned a level 2 spell: Call Imp
   624 | D:1      | Reached skill level 5 in Summonings
  1146 | D:2      | Reached XP level 3. HP: 27/27 MP: 1/7
  1155 | D:2      | Learned a level 3 spell: Call Canine Familiar
  2090 | D:2      | Reached XP level 4. HP: 24/33 MP: 3/8
  2609 | D:2      | Learned a level 3 spell: Summon Guardian Golem
  2657 | D:3      | Found a blossoming altar of Fedhas.
  2722 | D:3      | Found a broken altar of Ashenzari.
  2796 | D:3      | Noticed Natasha
  2808 | D:3      | Killed Natasha
  3040 | D:3      | Found a radiant altar of Vehumet.
  3057 | D:3      | Found Rezuhule's Assorted Antiques.
  3067 | D:3      | Bought a scroll labelled JOKHLA BONOTZO for 24 gold pieces
  3067 | D:3      | Bought a scroll labelled GUHURIRO YSHRO for 24 gold pieces
  3067 | D:3      | Bought a scroll labelled JOKHLA BONOTZO for 24 gold pieces
  3175 | D:3      | Noticed Natasha
  3188 | D:3      | Killed Natasha
  3189 | D:3      | Reached XP level 5. HP: 23/39 MP: 5/9
  3508 | D:3      | Noticed Natasha
  3513 | D:3      | Killed Natasha
  3656 | D:4      | Found Omits's Book Shoppe.
  4111 | D:4      | Reached XP level 6. HP: 46/47 MP: 1/10
  4501 | D:4      | Found a shimmering altar of Xom.
  4746 | D:4      | Identified a scroll of acquirement
  4746 | D:4      | Acquired 730 gold pieces
  4784 | D:5      | Entered Level 5 of the Dungeon
  4873 | D:5      | Reached skill level 1 in Maces & Flails
  4894 | D:5      | Noticed a necrophage
  5095 | D:5      | Reached XP level 7. HP: 54/54 MP: 11/11
  5766 | D:5      | Reached XP level 8. HP: 43/60 MP: 0/13
  6398 | D:5      | Found a burning altar of Makhleb.
  6868 | D:6      | Noticed Menkaure
  7809 | D:6      | Reached skill level 5 in Fighting
  7809 | D:6      | Reached skill level 5 in Maces & Flails
  8245 | D:6      | Reached skill level 1 in Hexes
  8245 | D:6      | Reached XP level 9. HP: 42/69 MP: 7/15
  8544 | D:6      | Killed Menkaure
  8606 | D:6      | Reached skill level 5 in Spellcasting
  9761 | D:6      | Noticed Maggie
  9938 | D:6      | Found Mostott's Jewellery Boutique.
 10150 | D:7      | Found a stormy altar of Qazlal.
 10814 | D:7      | Found a hide-covered altar of Uskayaw.
 11036 | D:7      | Found a staircase to the Ecumenical Temple.
 11083 | Temple   | Entered the Ecumenical Temple
 11401 | Temple   | Became a worshipper of Warmaster Okawaru
 11570 | D:7      | Reached skill level 10 in Summonings
 11743 | D:7      | Found a sacrificial altar of Ru.
 11789 | D:7      | Found a bloodstained altar of Trog.
 11789 | D:7      | Noticed Duvessa
 11808 | D:7      | Killed Duvessa
 11911 | D:7      | Noticed Dowan
 11919 | D:7      | Killed Dowan
 12003 | D:7      | Found a shimmering blue altar of Sif Muna.
 12007 | D:7      | Got Sif Muna's Grimoire of the Snowflakes
 12201 | D:7      | Learned a level 4 spell: Summon Lightning Spire
 12541 | D:8      | Identified the +7 war axe of Qeami Liu {flame, rCorr Int+6}
 12617 | D:8      | Reached skill level 1 in Air Magic
 12736 | D:8      | Reached XP level 10. HP: 76/76 MP: 19/19
 12799 | D:8      | Got the Reference Book on Attacks
 12974 | D:8      | Noticed a purple ugly thing
 13180 | D:8      | Killed a purple ugly thing
 13180 | D:8      | Reached * piety under Okawaru
 13653 | D:4      | Bought a manual of Maces & Flails for 960 gold pieces
 13925 | D:9      | Noticed a two-headed ogre
 14296 | D:9      | Found a glowing silver altar of Zin.
 14298 | D:9      | Found an ornate altar of the Wu Jian Council.
 15446 | D:9      | Reached skill level 1 in Invocations
 15748 | D:9      | Found a hazy altar of Hepliaklqana.
 16290 | D:10     | Entered Level 10 of the Dungeon
 16290 | D:10     | Noticed a two-headed ogre
 16296 | D:10     | Killed a two-headed ogre
 16296 | D:10     | Reached ** piety under Okawaru
 16545 | D:10     | Noticed Urug
 16588 | D:10     | Found a transporter.
 16637 | D:10     | Noticed Snorg
 16832 | D:10     | Killed Urug
 16833 | D:10     | Reached skill level 1 in Evocations
 17158 | D:10     | Noticed Nergalle
 17171 | D:10     | Killed Nergalle
 17171 | D:10     | Reached *** piety under Okawaru
 17315 | D:10     | Found a transporter.
 17555 | D:10     | Killed Snorg
 17556 | D:10     | Reached skill level 5 in Invocations
 17556 | D:10     | Reached XP level 11. HP: 83/83 MP: 16/20
 17674 | D:10     | Learned a level 5 spell: Summon Forest
 17923 | D:11     | Noticed a death yak
 17924 | D:11     | Noticed a death yak
 17927 | D:11     | Noticed a death yak
 18153 | D:11     | Reached **** piety under Okawaru
 18156 | D:11     | Killed a death yak
 18173 | D:11     | Killed a death yak
 18663 | D:11     | Found a staircase to the Lair.
 18665 | D:11     | Noticed a cyclops
 18681 | D:11     | Killed a cyclops
 18764 | D:11     | Paralysed by a hornet for 3 turns
 19076 | D:8      | Killed a two-headed ogre
 19728 | D:6      | Killed Maggie
 19728 | D:6      | Reached ***** piety under Okawaru
 20307 | Lair:1   | Entered Level 1 of the Lair of Beasts
 20402 | Lair:1   | Noticed a six-headed hydra
 20413 | Lair:1   | Killed a three-headed hydra
 20413 | Lair:1   | Received a gift from Okawaru
 21196 | Lair:1   | Noticed an oklob plant
 21204 | Lair:1   | Killed an oklob plant
 21205 | Lair:1   | Reached skill level 10 in Maces & Flails
 21539 | D:4      | Bought a book of Rime for 336 gold pieces
 21544 | D:4      | Learned a level 4 spell: Summon Ice Beast
 21695 | Lair:2   | Found a staircase to the Swamp.
 21710 | Lair:1   | Reached XP level 12. HP: 47/92 MP: 12/21
 21933 | Lair:2   | Received a gift from Okawaru
 21934 | Lair:2   | Reached skill level 1 in Translocations
 21934 | Lair:2   | Reached skill level 1 in Ice Magic
 22641 | Lair:2   | Noticed a seven-headed hydra
 22650 | Lair:2   | Killed a five-headed hydra
 22854 | Lair:2   | Noticed a catoblepas
 22876 | Lair:2   | Killed a catoblepas
 22998 | Lair:2   | Found a runed translucent door.
 24017 | Lair:2   | Reached skill level 1 in Armour
 24275 | Lair:2   | Noticed a boulder beetle
 24278 | Lair:2   | Noticed a boulder beetle
 24310 | Lair:2   | Killed a boulder beetle
 24479 | Lair:2   | Killed a boulder beetle
 24733 | Lair:2   | Identified the ring of Wuewn {*Slow +Blink rPois rC+ SInv}
 24892 | Lair:3   | Noticed a seven-headed hydra
 24903 | Lair:3   | Killed a seven-headed hydra
 24913 | Lair:3   | Reached skill level 5 in Dodging
 25245 | Lair:3   | Received a gift from Okawaru
 25246 | Lair:3   | Reached skill level 1 in Shields
 25331 | Lair:3   | Reached skill level 5 in Stealth
 25389 | Lair:3   | Noticed a five-headed hydra
 25445 | Lair:3   | Killed a five-headed hydra
 25816 | Lair:3   | Gained mutation: You can hop long distances. [Barachi
                  | growth]
 25816 | Lair:3   | Reached XP level 13. HP: 101/101 MP: 17/22
 26976 | Lair:4   | Reached skill level 10 in Fighting
 27094 | Lair:4   | Received a gift from Okawaru
 27331 | Lair:4   | Reached ****** piety under Okawaru
 27593 | Lair:4   | Found a staircase to the Snake Pit.
 27985 | Lair:5   | Found a shimmering altar of Xom.
 28118 | Lair:5   | Received a gift from Okawaru
 28889 | Lair:6   | Entered Level 6 of the Lair of Beasts
 28922 | Lair:6   | Found a dark tunnel.
 28937 | Volcano  | Entered a volcano
 28982 | Volcano  | Identified the +2 pair of gloves of Indomitability {Int+8}
 29056 | Volcano  | Reached XP level 14. HP: 92/110 MP: 10/26
 29577 | Lair:6   | Reached skill level 15 in Summonings
 29742 | Lair:6   | Found a staircase to the Slime Pits.
 30078 | Lair:6   | Received a gift from Okawaru
 30097 | Lair:6   | Learned a level 6 spell: Shadow Creatures
 30492 | Lair:6   | Reached skill level 5 in Armour
 30503 | Lair:6   | Received a gift from Okawaru
 30504 | Lair:6   | Found the +10 morningstar "Eos" {elec, Halo rElec}
 32104 | Lair:6   | Found the -2 hat of the Alchemist {rElec rPois rF+ rC+ rN+
                  | Will+ rMut rCorr}
 32925 | D:12     | Received a gift from Okawaru
 33239 | D:12     | Found a sparkling altar of Nemelex Xobeh.
 33270 | D:12     | Found a staircase to the Orcish Mines.
 33517 | D:12     | Noticed Sonja
 33520 | D:12     | Killed Sonja
 34044 | D:13     | Reached XP level 15. HP: 96/118 MP: 27/27
 34335 | Orc:1    | Entered Level 1 of the Orcish Mines
 34397 | Orc:1    | Received a gift from Okawaru
 34557 | Orc:2    | Entered Level 2 of the Orcish Mines
 34612 | Orc:2    | Found a staircase to the Elven Halls.
 35142 | Orc:2    | Found Uneoppaff's Antique Armour Boutique.
 35142 | Orc:2    | Found Nular's Assorted Antiques.
 35308 | Orc:2    | Found Buosum's Armour Boutique.
 35308 | Orc:2    | Found Haiwkeut's Antique Weapon Emporium.
 35798 | D:14     | Found a gate to the Vaults.
 35804 | D:14     | Identified the +7 mace of the People {vorpal, rPois rC+
                  | rCorr Int-3 Dex+4}
 35957 | D:14     | Received a gift from Okawaru
 36124 | D:14     | Reached skill level 10 in Dodging
 36329 | D:14     | Noticed Jorgrun
 36337 | D:14     | Killed Jorgrun
 36795 | D:15     | Entered Level 15 of the Dungeon
 36947 | D:15     | Identified the +6 halberd "Maer" {flame, Contam rF+ rCorr
                  | Int+4} (Okawaru gifted it to you on level 15 of the
                  | Dungeon)
 36947 | D:15     | Received a gift from Okawaru
 37084 | D:15     | Reached skill level 10 in Invocations
 37258 | D:15     | Found a staircase to the Depths.
 37258 | D:15     | Noticed a frost giant
 37265 | D:15     | Killed a frost giant
 37423 | D:15     | Found a shimmering blue altar of Sif Muna.
 37437 | D:15     | Reached skill level 15 in Maces & Flails
 37469 | D:15     | Found Puisazown's Antique Weapon Shop.
 38104 | D:15     | Found a shadowy altar of Dithmenos.
 38106 | D:15     | Identified the +1 robe of the Dolphin {+Blink Int+3}
                  | (Okawaru gifted it to you on level 15 of the Dungeon)
 38106 | D:15     | Received a gift from Okawaru
 38349 | Snake:1  | Entered Level 1 of the Snake Pit
 38372 | Snake:1  | Reached XP level 16. HP: 127/127 MP: 28/28
 38496 | Snake:1  | Found Ufoabo's Antique Armour Emporium.
 39573 | Snake:2  | Found a glowing silver altar of Zin.
 40441 | Snake:2  | Found Beinugon's Assorted Antiques.
 40454 | Snake:2  | Found Cuiqer's Jewellery Shoppe.
 40459 | Snake:2  | Bought a scroll of blinking for 247 gold pieces
 40459 | Snake:2  | Bought a dented zirconium amulet for 165 gold pieces
 40469 | Snake:2  | Bought the ring of Birdsong {rF+ rC+} for 429 gold pieces
 40890 | Snake:3  | Received a gift from Okawaru
 41222 | Snake:3  | Found Dubuif's Armour Emporium.
 41363 | Snake:3  | Identified the +8 mace "Dragon's Tongue" {drain, Int+6
                  | Dex+4}
 41509 | Snake:3  | Noticed Vashnia
 41524 | Snake:3  | Killed Vashnia
 41990 | Snake:4  | Entered Level 4 of the Snake Pit
 42041 | Snake:4  | Identified the ring "Gaxzoace" {*Corrode rF+++ rC+ AC+4
                  | Str+3}
 42077 | Snake:4  | Reached skill level 15 in Fighting
 42084 | Snake:4  | Reached XP level 17. HP: 71/142 MP: 22/29
 42256 | Snake:4  | Received a gift from Okawaru
 42884 | Snake:4  | Learned a level 5 spell: Summon Mana Viper
 42992 | Snake:4  | Identified the +1 ring mail of Snakes and Ladders {Str+4
                  | Int-5 Dex+8 SInv} (Okawaru gifted it to you on level 4 of
                  | the Snake Pit)
 42992 | Snake:4  | Received a gift from Okawaru
 43380 | Snake:4  | Reached skill level 5 in Evocations
 44154 | Snake:4  | Got a serpentine rune of Zot
 44173 | Snake:4  | Learned a level 7 spell: Summon Hydra
 44363 | Swamp:1  | Entered Level 1 of the Swamp
 44592 | Swamp:1  | Identified the +10 falchion "Eguediop" {elec, Fly}
 44629 | Swamp:1  | HP: 3/142 [spriggan druid collision (17)]
 44629 | Swamp:1  | Received a gift from Okawaru
 45341 | Swamp:2  | Reached XP level 18. HP: 81/149 MP: 25/30
 45890 | Swamp:2  | Identified the +0 crystal plate armour of Conow {Fly rCorr
                  | Str-5 Stlth+} (Okawaru gifted it to you on level 2 of the
                  | Swamp)
 45890 | Swamp:2  | Received a gift from Okawaru
 47100 | Swamp:3  | Paralysed by a fenstrider witch for 6 turns
 47828 | Swamp:4  | Entered Level 4 of the Swamp
 48336 | Swamp:4  | Received a gift from Okawaru
 49656 | Swamp:4  | Got a decaying rune of Zot
 49899 | Vaults:1 | Entered Level 1 of the Vaults
 49923 | Vaults:1 | Received a gift from Okawaru
 50355 | Vaults:1 | Identified the +0 robe "Hitoupt" {Int+4}
 50369 | Vaults:1 | Reached XP level 19. HP: 52/162 MP: 27/31
 50837 | Vaults:1 | Received a gift from Okawaru
 51186 | Vaults:1 | Noticed Donald
 51195 | Vaults:1 | Killed Donald
 51209 | Vaults:1 | Received a gift from Okawaru
 52842 | Vaults:2 | Found a flickering gateway to a bazaar.
 52863 | Bazaar   | Entered a bazaar
 52863 | Bazaar   | Found Sathrurr's Antique Armour Shop.
 52886 | Bazaar   | Found Fismatix's Distillery.
 52906 | Bazaar   | Found Quteqyrph's Antique Weapon Shop.
 52915 | Bazaar   | Bought an ichor-stained great mace for 207 gold pieces
 52915 | Bazaar   | Identified the +1 great mace "Gep Geas" {vorpal, rPois rC+
                  | rN+ SInv} (You bought it in a shop in a bazaar)
 52928 | Bazaar   | Bought a jewelled hat for 162 gold pieces
 52928 | Bazaar   | Identified the +0 hat of Soft Rains {-Cast rF+ rCorr} (You
                  | bought it in a shop in a bazaar)
 52928 | Bazaar   | Bought the +0 mask of the Dragon {Will+ Slay+3 SInv} for
                  | 601 gold pieces
 52928 | Bazaar   | Found the +0 mask of the Dragon {Will+ Slay+3 SInv}
 52941 | Bazaar   | Bought a potion of curing for 36 gold pieces
 52941 | Bazaar   | Bought a potion of ambrosia for 96 gold pieces
 52941 | Bazaar   | Bought a potion of magic for 96 gold pieces
 52941 | Bazaar   | Bought a potion of resistance for 120 gold pieces
 52941 | Bazaar   | Bought a potion of heal wounds for 60 gold pieces
 52941 | Bazaar   | Bought a potion of curing for 36 gold pieces
 53051 | Vaults:2 | Identified the +0 buckler of Okawaru's Generosity {+Inv
                  | Int-2 Dex+2} (Okawaru gifted it to you on level 2 of the
                  | Vaults)
 53051 | Vaults:2 | Received a gift from Okawaru
 53090 | Vaults:2 | Found a ruined gateway.
 53168 | Desolati | Entered the Desolation of Salt
 54086 | Desolati | HP: 6/150 [halazid warlock/ghostly fireball (59)]
 54086 | Desolati | Killed from afar by a ragged hierophant

Illustrated notes

Levels and vault maps discovered:
D:1:      onia_arrival_handbag, layout_basic,
          ebering_ecumenical_altar_petrified, minmay_three_crescents
D:2:      layout_basic
D:3:      layout_loops_ring, fedhas_altar_2, ashenzari_altar_1,
          nicolae_overflow_crystal_walls, serial_shops, shop_statue,
          serial_bayou_lake_a, uniq_natasha
D:4:      layout_rooms, kennysheep_mini_moat, serial_rivers,
          chequers_serial_rivers_micro_d, chequers_serial_rivers_small_a,
          chequers_serial_rivers_micro_c, chequers_serial_rivers_micro_b,
          chequers_serial_rivers_large_b, serial_shops, nicolae_square_shop,
          st_stairs_11
D:5:      layout_basic, lightli_temple_of_fire
D:6:      layout_basic, serial_shops, nicolae_shop_statue_plus, minmay_ruffians,
          uniq_maggie, uniq_menkaure
D:7:      layout_loops_ring, nzn_overflow_gifts_of_might_and_magic,
          nicolae_qazlal_general_emergency, eat_drink_and_be_merry_uskayaw,
          nicolae_ru_path_of_blood, minmay_temple_entry_arrows
D:8:      cheibrodos_two_vegetables, layout_rooms, hellmonk_bongcloud_opening
D:9:      layout_roguey, gammafunk_temple_overflow_forgotten, serial_aquarium,
          aquarium_bridge_straight [aquarium_subvault_bridge,
          aquarium_subvault_wall, aquarium_subvault_bridge,
          aquarium_subvault_window], aquarium_bridge_square
          [aquarium_subvault_bridge, aquarium_subvault_window,
          aquarium_subvault_bridge, aquarium_subvault_bridge],
          aquarium_window_2, aquarium_window_fake, aquarium_window_1,
          aquarium_window_corridor_3, aquarium_view_2c, aquarium_pool_2,
          kennysheep_doodads, hangedman_tell_no_tales
D:10:     gammafunk_cloud_chamber, layout_rooms, uniq_snorg, uniq_nergalle,
          uniq_urug
D:11:     layout_basic, dpeg_lair_monsters
D:12:     layout_loops_ring, hiddenorc2_lemuel,
          nemelex_xobeh_ov_fountains_minmay, uniq_sonja
D:13:     layout_roguey
D:14:     layout_big_octagon, david_vaults_4, kennysheep_big_empty_room,
          serial_co_window_serial, co_window_paths_a, co_window_corner_a,
          co_window_corner_a, co_window_cross_1, co_window_paths_a,
          co_window_broadway_c, co_window_corner_cb, co_window_unsneaky_path_e,
          co_window_unsneaky_path_a, glass_columns_c, glass_columns_a,
          glass_columns_c, nicolae_underground_beach, uniq_jorgrun
D:15:     grunt_enter_depths_snipers, layout_stronghold,
          grunt_dithmenos_shadows, serial_shops, nicolae_diamond_shop,
          nicolae_sif_muna_condensation
Temple:   kb_temple_of_zot
Lair:1:   layout_loops_ring, small_statue_intersection, grunt_megastairs_2,
          infiniplex_staircase_pool_2, minmay_lair_oklob_chamber
Lair:2:   gammafunk_indiana_jones, layout_loops_ring, minmay_swamp_entry_eels
Lair:3:   layout_regular_city, serial_bayou, serial_bayou_pond_a,
          serial_bayou_pond_b, serial_bayou_pond_c, serial_bayou_pond_c,
          serial_bayou_shore_a, beast_lair_carwin_4
Lair:4:   beast_lair_carwin_large_1, layout_loops_ring,
          minmay_snake_entry_guardpost_medium
Lair:5:   layout_roguey, basic_altar
Lair:6:   guppyfry_lair_end_dragon, layout_layer_cave,
          hangedman_lair_tendril_chambers, minmay_slime_entry_jelly_boxes,
          nicolae_volcano_entry_batcave
Swamp:1:  layout_basic_swamp, evilmike_swamp_ruin_house_1, swamp_pool5,
          nicolae_swamp_rocky_clearing
Swamp:2:  layout_falls_marsh, evilmike_swamp_ruin_house_6, swamp_pool1
Swamp:3:  layout_basic_swamp, nicolae_swamp_ascending_descending_big,
          nicolae_swamp_very_dense_foliage
Swamp:4:  swamp, layout_basic_swamp, swamp_pool5,
          nicolae_swamp_frolicking_bunyips, infiniplex_staircase_pool
Snake:1:  layout_honeycomb, serial_shops, nicolae_diamond_shop,
          nicolae_coiled_stairwell_down
Snake:2:  layout_onion, basic_altar, minmay_shop_star
Snake:3:  layout_cave_pods, serial_shops, nicolae_diamond_shop, uniq_vashnia
Snake:4:  grunt_snake_rune_pools, layout_onion_interference
Orc:1:    layout_caves
Orc:2:    st_orc_town, layout_diamond_mine
Vaults:1: nicolae_vaults_what_the_h, grunt_vaults_trifunnel, vaults_dpeg_ring,
          nicolae_vaults_little_ls, vaults_room_grunt_arrival_ludios,
          vaults_room_large_hall, st_more_cells,
          ontoclasm_vaults_loading_screen, hangedman_vaults_capsules,
          layout_vaults_omnigrid, uniq_donald
Vaults:2: dpeg_vaults_monster_box, nicolae_vaults_lopsided_apartments,
          hangedman_vaults_cutoff, v_misc_19, v_alt_pattern_5,
          ontoclasm_vaults_eye, vaults_mumra_minichess_inversion,
          vaults_room_pool, layout_vaults_chaotic_city,
          portal_desolation_entry_nicolae_slug, serial_shops, bzr_entry_water,
          uniq_mennas
Desolation

Skill      XL: |  1  2  3  4  5  6  7  8  9 10 11 12 13 14 15 16 17 18 19 |
---------------+----------------------------------------------------------+-----
Fighting       | 1 2 3 4 6 8 9 10 11 12 15 17 18 | 18.3
Summonings     | 5 6 8 10 12 13 15 17 18 | 18.0
Spellcasting   | 3 4 6 8 |  8.8
Stealth        | 2 3 4 5 6 7 8 |  8.9
Dodging        | 3 4 5 8 9 10 12 | 12.5
Maces & Flails | 1 4 6 7 10 12 16 | 16.0
Hexes          | 1 2 4 |  4.0
Air Magic      | 1 4 |  4.0
Invocations    | 5 8 10 12 | 12.4
Evocations     | 2 4 8 |  8.9
Translocations | 4 |  4.0
Ice Magic      | 4 |  4.0
Armour         | 4 6 8 9 |  9.1
Shields        | 2 4 |  4.0

Action                   |  1- 3 |  4- 6 |  7- 9 | 10-12 | 13-15 | 16-18 | 19-21 || total
-------------------------+-------+-------+-------+-------+-------+-------+-------++-------
Melee: Whip              |   106 |   105 |   267 |    37 |       |       |       ||   515
       Unarmed           |     4 |       |       |       |       |       |       ||     4
       Mace              |       |    20 |    47 |       |       |       |       ||    67
       War axe           |       |       |       |   331 |       |       |       ||   331
       Punch             |       |       |       |     1 |     1 |       |       ||     2
       Demon whip        |       |       |       |    71 |   664 |       |       ||   735
       Morningstar       |       |       |       |       |   507 |  1188 |   243 ||  1938
Throw: Dart              |       |       |     2 |     2 |       |       |       ||     4
 Cast: Summon Small Mamm |     7 |     1 |     1 |       |       |       |       ||     9
       Call Imp          |    11 |    27 |    65 |    16 |       |       |       ||   119
       Call Canine Famil |       |     3 |    34 |    30 |       |       |       ||    67
       Summon Guardian G |       |       |     3 |     4 |     1 |       |       ||     8
       Summon Lightning  |       |       |       |    38 |    32 |    10 |     1 ||    81
       Summon Forest     |       |       |       |    24 |    24 |    36 |    24 ||   108
       Summon Ice Beast  |       |       |       |    24 |    18 |     3 |       ||    45
       Shadow Creatures  |       |       |       |       |    45 |    32 |    39 ||   116
Invok: Heroism           |       |       |       |     6 |     3 |     8 |     3 ||    20
       Finesse           |       |       |       |       |       |     2 |       ||     2
 Abil: Hop               |       |     1 |     3 |     9 |     4 |     7 |       ||    24
       Evoke Blink       |       |       |       |     1 |     1 |     2 |       ||     4
Evoke: Wand              |       |       |       |    17 |    11 |     3 |       ||    31
       Lightning rod     |       |       |       |       |       |     4 |       ||     4
       Condenser vane    |       |       |       |       |       |     1 |       ||     1
  Use: Scroll            |     3 |    12 |     9 |     8 |     7 |     8 |     1 ||    48
       Potion            |       |       |     1 |     5 |     1 |     4 |       ||    11
 Stab: Sleeping          |     1 |       |     1 |     3 |     5 |     1 |       ||    11
       Distracted        |       |       |     4 |     8 |    12 |    15 |     4 ||    43
       Petrified         |       |       |       |       |     5 |       |       ||     5
Armor: Robe              |    12 |       |       |       |       |       |       ||    12
       Ring mail         |     9 |    46 |    80 |    67 |       |       |       ||   202
       Troll leather arm |       |       |       |    94 |   415 |   455 |    92 ||  1056
       Swamp dragon scal |       |       |       |    14 |       |       |       ||    14
Dodge: Dodged            |    59 |    72 |   153 |   265 |   618 |   998 |   208 ||  2373
Block: Other             |    13 |    27 |    48 |   125 |    35 |       |       ||   248
       Reflection        |       |       |     2 |     9 |     6 |    27 |     9 ||    53
       Buckler           |       |       |       |       |   319 |   321 |    75 ||   715

Table legend: (Time is in decaauts)
 A = Elapsed time spent in this place.
 B = Non-inter-level travel time spent in this place.
 C = Inter-level travel time spent in this place.
 D = Time resting spent in this place.
 E = Time spent auto-exploring this place.
 F = Levels seen in this place.
 G = Mean time per level.
                   A        B        C        D        E       F      G
               +--------+--------+--------+--------+--------+-----+--------+
         Total |  58619 |  53702 |   4917 |  15481 |  28497 |  37 | 1584.3 |
       Dungeon |  27041 |  24472 |   2569 |   6559 |  14355 |  15 | 1802.7 |
        Temple |    307 |    241 |     66 |    131 |    104 |   1 |  307.0 |
          Lair |  12983 |  12159 |    824 |   3691 |   6421 |   6 | 2163.8 |
         Swamp |   5698 |   5172 |    526 |   1975 |   2255 |   4 | 1424.5 |
     Snake Pit |   6292 |   5900 |    392 |   1555 |   2934 |   4 | 1573.0 |
  Orcish Mines |   1526 |   1328 |    198 |     34 |    847 |   2 |  763.0 |
        Vaults |   3406 |   3066 |    340 |   1028 |   1417 |   2 | 1703.0 |
        Bazaar |    109 |    109 |      0 |      0 |     61 |   1 |  109.0 |
       Volcano |    286 |    286 |      0 |      0 |     99 |   1 |  286.0 |
    Desolation |    969 |    969 |      0 |    505 |      0 |   1 |  969.0 |
               +--------+--------+--------+--------+--------+-----+--------+

Top non-repeatable levels by time:
     D:6: 3753 daAuts
  Lair:6: 3485 daAuts
  Lair:2: 3273 daAuts
Vaults:1: 3207 daAuts
     D:9: 2993 daAuts
     D:5: 2948 daAuts
     D:7: 2412 daAuts
 Snake:4: 2011 daAuts
 Swamp:3: 1878 daAuts
  Lair:3: 1752 daAuts
    D:11: 1629 daAuts
     D:2: 1623 daAuts
    D:10: 1596 daAuts
  Lair:1: 1583 daAuts
 Snake:3: 1556 daAuts
